 Dungeon Crawl Stone Soup version 0.32-a0-42-ga30500b4d3 (webtiles) character file.

Game seed: 13416882959805701485

305 lunkers the Firebug (level 6, -2/53 HPs)
             Began as an Oni Fire Elementalist on Feb 1, 2024.
             Slain by a howler monkey (3 damage)
             ... on level 3 of the Dungeon.
             The game lasted 00:09:23 (3759 turns).

lunkers the Firebug (Oni Fire Elementalist)         Turns: 3759, Time: 00:09:24

Health: -2/53      AC:  7    Str: 13    XL:     6   Next: 39%
Magic:  2/12       EV:  9    Int: 18    God:
Gold:   132        SH:  0    Dex:  9    Spells: 11/14 levels left

rFire   . . .        k - +0 trident
rCold   . . .        (no shield)
rNeg    . . .        a - +0 robe
rPois   .            (helmet restricted)
rElec   .            (no cloak)
rCorr   .            (gloves unavailable)
SInv    .            (boots unavailable)
Will    .....        (no amulet)
Stlth   +            i - +4 ring of protection
HPRegen 0.28/turn    (no ring)
MPRegen 0.13/turn

%: no passive effects
@: no status effects
A: large, unfitting armour, horns 1, tough skin 1, double potion healing,
drunken brawling
a: no special abilities


You were on level 3 of the Dungeon.
You visited 1 branch of the dungeon, and saw 4 of its levels.

You collected 132 gold pieces.

Inventory:

Hand Weapons
 k - a +0 trident (weapon)
Armour
 a - a +0 robe (worn)
Jewellery
 i - a +4 ring of protection (left hand)
 v - a ring of positive energy
Wands
 p - a wand of flame (26)
Scrolls
 d - a scroll of enchant weapon {unknown}
 f - 2 scrolls of identify {unknown}
 h - a scroll of brand weapon {unknown}
 j - a scroll of immolation {unknown}
 m - a scroll of silence {unknown}
 o - a scroll of teleportation {unknown}
 q - a scroll of blinking {unknown}
 t - a scroll of enchant armour {unknown}
Potions
 b - a potion of magic
 c - a potion of might {unknown}
 e - a potion of attraction {unknown}
 g - a potion of invisibility {unknown}
 l - a potion of haste {unknown}
 n - a potion of degeneration {unknown}
 r - a potion of curing {unknown}
 s - a potion of resistance {unknown}
 u - 2 potions of berserk rage {unknown}


   Skills:
 - Level 1.7 Dodging
 - Level 1.4 Stealth
 + Level 4.5 Spellcasting
 - Level 0.8 Conjurations
 * Level 5.4 Fire Magic


You had 11 spell levels left.
You knew the following spells:

 Your Spells              Type           Power      Damage    Failure   Level
b - Scorch                Fire           46%        2d6       2%          2
p - Foxfire               Conj/Fire      60%        2x1d7     3%          1

Your spell library contained the following spells:

 Spells                   Type           Power      Damage    Failure   Level
 Slow                     Hex            16%        N/A       14%         1
 Inner Flame              Hex/Fire       13%        N/A       14%         3
 Volatile Blastmotes      Fire/Tloc      26%        2d12      14%         3
 Ensorcelled Hibernation  Hex/Ice        8%         N/A       22%         2
 Sublimation of Blood     Necr           4%         N/A       22%         2
 Dazzling Flash           Conj/Hex       10%        N/A       34%         3
 Mephitic Cloud           Conj/Alch/Air  5%         N/A       36%         3
 Flame Wave               Conj/Fire      15%        2d7       36%         4
 Confusing Touch          Hex            4%         N/A       38%         3
 Passwall                 Erth           4%         N/A       38%         3
 Sigil of Binding         Hex            4%         N/A       38%         3
 Swiftness                Air            4%         N/A       38%         3
 Vampiric Draining        Necr           4%         2d6       38%         3
 Petrify                  Alch/Erth      4%         N/A       80%         4
 Irradiate                Conj/Alch      2%         3d12      97%         5
 Curse of Agony           Necr           4%         N/A       98%         5
 Silence                  Hex/Air        2%         N/A       98%         5


Dungeon Overview and Level Annotations

Branches:
Dungeon (4/15)
 Temple: D:4-7

Altars:
Vehumet


Innate Abilities, Weirdness & Mutations

You are too large for most types of armour.
You have a pair of small horns on your head.
You have tough skin. (AC +1)
You gain doubled healing and magic from potions.
Whenever you drink a healing potion, you attack all around you.


Message History

The howler monkey hits you.
* * * LOW HITPOINT WARNING * * *
The orc wizard hits you but does no damage.
Unknown command.
You hit the orc wizard.
The orc wizard is almost dead.
The howler monkey hits you but does no damage.
The orc wizard closely misses you. The howler monkey hits you.
* * * LOW HITPOINT WARNING * * *
You barely miss the orc wizard.
The orc wizard is almost dead.
The howler monkey hits you.
* * * LOW HITPOINT WARNING * * *
The orc wizard points at you and mumbles some strange words.
The puff of flame hits you.
* * * LOW HITPOINT WARNING * * *
You hit the orc wizard but do no damage.
Your headbutt misses the orc wizard.
The orc wizard is almost dead.
The howler monkey hits you but does no damage.
The orc wizard hits you but does no damage.
The howler monkey barely misses you.
Unknown command.
You hit the orc wizard.
You kill the orc wizard!
The howler monkey hits you but does no damage.
Unknown command.
The howler monkey attacks as it pursues you!
The howler monkey hits you.
* * * LOW HITPOINT WARNING * * *
The howler monkey hoots and howls with incredible vigour!
Things that are here:
a +0 dagger; a +0 robe
Aiming: Throw Flame
Press: ? - help, Shift-Dir - straight line, f - howler monkey
Aim: a howler monkey (catching its breath, 64% to hit)
The puff of flame hits the howler monkey.
The howler monkey is moderately wounded.
The howler monkey hits you.
You die...

...#######.............#..######.
#..##....#.#>###.#####.#.........
#..##....#.#.......# #.#.#######.
#..##........####### #.#.# #.
'..##........# ######.#.# ##
#.###........# #.....†..## #
.............# #.####....#######
.............####.# ####.#......
.....##'#....#.h@.# #.#...)####
>....'..#.)..#.#### #.#.#§§#
.....####....#.# #.###.§####
###### #....#.# #......§...
######.# #.######### #.# #.# #.
#.# #.# ## ##############.# #.#
...............# #.#


You could see a howler monkey (catching breath).

Vanquished Creatures
  Blork the orc (D:3)
  Natasha (thrice) (D:2)
  2 orc wizards
  A gnoll (D:4)
  3 adders (D:2)
  4 ribbon worms
  A dart slug (D:1)
  An orc (D:3)
  5 bats
  2 endoplasms (D:1)
  3 giant cockroaches
  9 goblins
  3 hobgoblins
  6 jackals
  7 kobolds
  4 quokkas
  7 ball pythons
  3 frilled lizards (D:1)
  3 rats
68 creatures vanquished.

Vanquished Creatures (others)
  192 foxfires
192 creatures vanquished.

Grand Total: 260 creatures vanquished

Notes
Turn   | Place    | Note
-------+----------+-------------------------------------------
     0 | D:1      | lunkers the Oni Fire Elementalist began the quest for the
                  | Orb.
     0 | D:1      | Reached XP level 1. HP: 16/16 MP: 3/3
   256 | D:1      | Reached skill level 3 in Fire Magic
   256 | D:1      | Reached XP level 2. HP: 24/24 MP: 0/5
  1115 | D:1      | Learned a level 2 spell: Scorch
  1139 | D:2      | Reached XP level 3. HP: 31/31 MP: 1/7
  1350 | D:2      | Identified the +2 leather armour "Pugugip" {rElec rF-
                  | Regen+ Stlth+}
  1533 | D:2      | Noticed Natasha
  1541 | D:2      | Killed Natasha
  1542 | D:2      | Reached skill level 4 in Fire Magic
  1542 | D:2      | Reached XP level 4. HP: 39/39 MP: 2/9
  1587 | D:2      | Found a faded altar of an unknown god.
  1937 | D:2      | Noticed Natasha
  1942 | D:2      | Killed Natasha
  2062 | D:2      | Found a radiant altar of Vehumet.
  2192 | D:2      | Noticed Natasha
  2194 | D:2      | Killed Natasha
  2195 | D:2      | Reached XP level 5. HP: 40/45 MP: 4/10
  3581 | D:4      | Noticed Blork the orc
  3708 | D:3      | Killed Blork the orc
  3709 | D:3      | Reached skill level 5 in Fire Magic
  3709 | D:3      | Reached XP level 6. HP: 35/53 MP: 1/12
  3758 | D:3      | HP: 1/53 [howler monkey (4)]
  3759 | D:3      | Slain by a howler monkey

Illustrated notes

Levels and vault maps discovered:
D:1:      dpeg_arrival_shrine, layout_loops_ring
D:2:      minmay_chambers_of_ones, layout_basic,
          hellmonk_ecumenical_altar_arch_garden, basic_altar, uniq_natasha
D:3:      minmay_door_path, layout_basic, grunt_decor_cap
D:4:      layout_cave_pools, mainiacjoe_overflow_chevrons,
          nicolae_overflow_crystal_walls, chequers_serial_rivers_marsh,
          cheibrodos_gnoll_hut, uniq_blork_the_orc

Skill      XL: |  1  2  3  4  5 |
---------------+----------------+-----
Fire Magic     | 3 4 5 |  5.4
Spellcasting   | 3 4 |  4.5
Dodging        | |  1.7
Stealth        | |  1.4
Conjurations   | |  0.8

Action                     |  1- 3 |  4- 6 || total
---------------------------+-------+-------++-------
  Melee: Unarmed           |     5 |       ||     5
         Headbutt          |     2 |     3 ||     5
         Trident           |     1 |    24 ||    25
         Punch             |       |     1 ||     1
   Cast: Foxfire           |    66 |    49 ||   115
         Scorch            |     2 |    37 ||    39
  Evoke: Wand              |       |     1 ||     1
 Armour: Robe              |    16 |    43 ||    59
  Dodge: Dodged            |     8 |    17 ||    25

Table legend: (Time is in decaauts)
 A = Elapsed time spent in this place.
 B = Non-inter-level travel time spent in this place.
 C = Inter-level travel time spent in this place.
 D = Time resting spent in this place.
 E = Time spent auto-exploring this place.
 F = Levels seen in this place.
 G = Mean time per level.
                   A        B        C        D        E       F      G
               +--------+--------+--------+--------+--------+-----+--------+
         Total |   3766 |   3699 |     67 |      0 |   3186 |   4 |  941.5 |
       Dungeon |   3766 |   3699 |     67 |      0 |   3186 |   4 |  941.5 |
               +--------+--------+--------+--------+--------+-----+--------+

Top non-repeatable levels by time:
     D:2: 1426 daAuts
     D:1: 1128 daAuts
     D:3: 1103 daAuts
     D:4: 109 daAuts
